 Dungeon Crawl Stone Soup version 0.21.1-1-g345015f (webtiles) character file.

2245 kae the Martial Artist (level 9, 0/75 HPs)
             Began as a White Draconian Transmuter on Apr 20, 2018.
             Slain by a centaur
             ... wielding a +1 morningstar of protection
              (15 damage)
             ... on level 6 of the Dungeon.
             The game lasted 00:10:29 (7377 turns).

kae the Martial Artist (White Draconian Transmuter) Turns: 7377, Time: 00:10:30

Health: 0/75       AC:  2    Str: 12    XL:     9   Next: 15%
Magic:  10/16      EV: 19    Int: 13    God:
Gold:   214        SH:  0    Dex: 21    Spells: 12/18 levels left

rFire    . . .     SeeInvis .     - Unarmed
rCold    . . .     Gourm    .   (shield currently unavailable)
rNeg     . . .     Faith    .   (armour unavailable)
rPois    x         Spirit   .   (helmet currently unavailable)
rElec    .         Reflect  .   (cloak currently unavailable)
rCorr    .         Harm     .   (gloves currently unavailable)
MR       .....                  (boots currently unavailable)
Stlth    ++........             (no amulet)
HPRegen  0.22/turn              (no ring)
MPRegen  0.15/turn              (no ring)

@: spider-form, very slightly contaminated
A: tiny, (breathe frost), unfitting armour, AC +7
a: End Transformation


You were on level 6 of the Dungeon.
You were not hungry.
You were a venomous arachnid creature.
You visited 1 branch of the dungeon, and saw 6 of its levels.

You collected 214 gold pieces.

Inventory:

Hand Weapons
 a - a +1 hunting sling of flaming
Missiles
 d - 181 stones (quivered)
 e - 34 arrows
Jewellery
 n - an uncursed amulet of guardian spirit {unknown}
Wands
 o - a wand of iceblast (6)
 p - a wand of acid (6)
 t - a wand of flame (32)
 y - a wand of disintegration (17)
Scrolls
 f - 3 scrolls of remove curse
 i - a scroll of random uselessness
 k - 4 scrolls of identify
 l - 4 scrolls of teleportation
 z - a scroll of blinking
Potions
 g - a potion of degeneration
 h - a potion of magic
 j - a potion of haste {unknown}
 m - 2 potions of invisibility
 r - a potion of ambrosia {unknown}
 s - a potion of mutation {unknown}
 u - a potion of curing {unknown}
 x - 3 potions of lignification {unknown}
Books
 b - a book of Changes

   Spells                             Type                      Level
   a - Beastly Appendage              Transmutation                1
   b - Sticks to Snakes               Transmutation                2
   c - Spider Form                    Transmutation/Poison         3
   d - Ice Form                       Ice/Transmutation            4
   e - Blade Hands                    Transmutation                5
Comestibles
 c - 10 rations


   Skills:
 + Level 5.9 Fighting
 - Level 1.7 Dodging
 * Level 8.3 Unarmed Combat
 + Level 5.3 Spellcasting
 + Level 5.7 Transmutations


You had 12 spell levels left.
You knew the following spells:

 Your Spells              Type           Power        Failure   Level  Hunger
a - Beastly Appendage     Tmut           ###...       7%          1    None
b - Sticks to Snakes      Tmut           ###.....     10%         2    ##.....
c - Spider Form           Tmut/Pois      ##........   36%         3    ###....


Dungeon Overview and Level Annotations

Branches:
Dungeon (6/15)
 Temple: D:4-7

Altars:
Fedhas
Makhleb
Okawaru
Vehumet
Yredelemnul

Annotations:
D:6 Eustachio


Innate Abilities, Weirdness & Mutations

((You can breathe waves of freezing cold.))
((You can buffet flying creatures when you breathe cold.))
((Your icy white scales are hard. (AC +7)))
You cannot fit into any form of body armour.
((Your flesh is cold resistant. (rC+)))
((You are cold-blooded and may be slowed by cold attacks.))


Message History

Nothing appears to happen.
The centaur closely misses you.
You hit the centaur.
The centaur is moderately wounded.
The centaur hits you with an uncursed morningstar of protection!
You are too injured to fight recklessly!
Casting: Spider Form
Confirm with . or Enter, or press ? or * to list all spells.
You turn into a venomous arachnid creature.
The centaur misses you.
The centaur hits you with an uncursed morningstar of protection!
The centaur hits you with an uncursed morningstar of protection!
* * * LOW HITPOINT WARNING * * *
You hit the centaur but do no damage.
The centaur is poisoned.
The centaur is moderately wounded.
The centaur hits you with an uncursed morningstar of protection!
* * * LOW HITPOINT WARNING * * *
You barely miss the centaur.
The centaur is moderately wounded.
The centaur hits you with an uncursed morningstar of protection!
You die...

**#.#* #.......#..≈≈≈≈≈ *..*
#...........≈≈≈.
*#.####.......#.......
#............#.......
*#...........###.##<. *
#....####.### #..... **** ##.#.##
#.# ####..
,,,********##.(c..####.# ##.
**,,,,,,,,,#..##s....#.# ###.
****,,,,,,#(###.###...# #...
*........# #.# ##..#*****#.#.
*****#....c### #.# #....,,,...#.
,,,,,......* #.# ###.#....#*##
,****#....,****#.#*****.#,##.,**#
*****#...c,,,,,...,,,,,..,*#*,,**
**,,,....,,****#.#*****..#****,,*
,,,,,....,,****...,,,,,,..,,,>,**


You could see a centaur.

Vanquished Creatures
  Grinder (D:3)
  Sigmund (D:3)
  Edmund (D:4)
  Duvessa (D:6)
  Purgy (D:4)
  A sky beast (D:6)
  An orc warrior (D:6)
  3 ogres
  4 bullfrogs
  Dowan (D:6)
  A water moccasin zombie (D:6)
  3 scorpions
  A howler monkey (D:4)
  A crimson imp (D:5)
  3 hounds
  A jelly (D:5)
  3 orc wizards
  A centaur skeleton (D:6)
  2 orc priests
  Terence (D:2)
  A hound skeleton (D:6)
  A howler monkey zombie (D:6)
  A worker ant zombie (D:6)
  Robin (D:2)
  9 adders
  2 shadow imps
  An adder skeleton (D:4)
  4 worms
  5 dart slugs
  4 leopard geckos
  19 orcs
  6 bats
  2 giant cockroaches
  12 goblins
  11 hobgoblins
  2 jackals (D:6)
  10 kobolds
  4 quokkas
  2 frilled lizards
  A jackal skeleton (D:4)
  2 leopard gecko zombies (D:5)
  2 quokka skeletons
  8 rats
142 creatures vanquished.

Notes
Turn   | Place    | Note
-------+----------+-------------------------------------------
     0 | D:1      | kae the Draconian Transmuter began the quest for the Orb.
     0 | D:1      | Reached XP level 1. HP: 16/16 MP: 3/3
   110 | D:1      | Reached XP level 2. HP: 23/23 MP: 3/5
   509 | D:2      | Reached XP level 3. HP: 22/29 MP: 4/6
   591 | D:2      | Noticed Terence
   800 | D:2      | Noticed Robin
   831 | D:1      | HP: 1/29 [hobgoblin/club[Robin] (2)]
  1137 | D:1      | Learned a level 2 spell: Sticks to Snakes
  1141 | D:1      | Learned a level 3 spell: Spider Form
  1149 | D:2      | Killed Robin
  1174 | D:2      | Found a radiant altar of Vehumet.
  1190 | D:2      | Reached XP level 4. HP: 12/36 MP: 4/7
  1563 | D:2      | Killed Terence
  1563 | D:2      | Reached skill level 4 in Unarmed Combat
  2348 | D:3      | Reached XP level 5. HP: 42/42 MP: 5/9
  2667 | D:3      | Noticed Grinder
  2667 | D:3      | Paralysed by Grinder for 4 turns
  2680 | D:3      | Paralysed by Grinder for 6 turns
  2688 | D:3      | Paralysed by Grinder for 2 turns
  2692 | D:3      | Killed Grinder
  2692 | D:3      | Reached skill level 5 in Unarmed Combat
  2692 | D:3      | Reached XP level 6. HP: 21/51 MP: 5/11
  3225 | D:3      | Noticed Sigmund
  3238 | D:3      | Killed Sigmund
  3238 | D:3      | Your scales start taking on an icy white colour.
  3238 | D:3      | Reached XP level 7. HP: 44/58 MP: 9/12
  3238 | D:3      | Gained mutation: Your flesh is cold resistant. (rC+) [White Draconian growth]
  3486 | D:3      | Found a basalt altar of Yredelemnul.
  3778 | D:4      | Found an iron altar of Okawaru.
  3806 | D:4      | Noticed Edmund
  3971 | D:4      | Killed Edmund
  3971 | D:4      | Reached skill level 6 in Unarmed Combat
  4769 | D:4      | Noticed Purgy
  4908 | D:5      | Entered Level 5 of the Dungeon
  5225 | D:5      | Reached XP level 8. HP: 59/67 MP: 11/14
  5415 | D:5      | Reached skill level 7 in Unarmed Combat
  5899 | D:5      | Found a blossoming altar of Fedhas.
  6021 | D:4      | Killed Purgy
  6021 | D:4      | Reached skill level 5 in Fighting
  6363 | D:6      | Reached skill level 5 in Transmutations
  6403 | D:6      | Found a burning altar of Makhleb.
  6453 | D:6      | Found a radiant altar of Vehumet.
  6676 | D:6      | Reached skill level 5 in Spellcasting
  6729 | D:6      | Noticed Duvessa
  6740 | D:6      | Noticed Dowan
  6750 | D:6      | Noticed Eustachio
  6991 | D:5      | Reached skill level 8 in Unarmed Combat
  7064 | D:6      | Killed Duvessa
  7064 | D:6      | Reached XP level 9. HP: 66/75 MP: 12/16
  7074 | D:6      | Killed Dowan
  7377 | D:6      | Slain by a centaur

Skill      XL: |  1  2  3  4  5  6  7  8 |
---------------+-------------------------+-----
Fighting       | 2 3 4 5 |  5.9
Unarmed Combat | 4 5 6 8 |  8.3
Transmutations | 3 4 5 |  5.7
Spellcasting   | 3 4 5 |  5.3
Dodging        | |  1.7

Action                   |  1- 3 |  4- 6 |  7- 9 || total
-------------------------+-------+-------+-------++-------
Melee: Unarmed           |   114 |   143 |   314 ||   571
       Tailslap          |     6 |    12 |    14 ||    32
       Kick              |     1 |       |       ||     1
       Headbutt          |     2 |       |       ||     2
       Punch             |       |       |     6 ||     6
 Fire: Hunting sling     |     5 |       |       ||     5
 Cast: Beastly Appendage |     9 |     2 |       ||    11
       Spider Form       |     1 |    11 |    22 ||    34
 Abil: Breathe Frost     |       |       |     8 ||     8
  Use: Potion            |     3 |       |     1 ||     4
       Scroll            |       |     5 |    11 ||    16
 Stab: Sleeping          |       |     2 |       ||     2
  Eat: Chunk             |     1 |     8 |    15 ||    24
       Ration            |       |       |     1 ||     1
Armor: Skin              |    31 |    35 |    47 ||   113
Dodge: Dodged            |    91 |    99 |   211 ||   401
